 Dungeon Crawl Stone Soup version 0.26-a0-597-gb535b0901c (webtiles) character file.

Game seed: 18158258741516838957

88 Lanoc the Digger (level 4, -3/30 HPs)
             Began as a Demonspawn Earth Elementalist on Sept 12, 2020.
             Slain by a worm (11 damage)
             ... on level 2 of the Dungeon.
             The game lasted 00:01:44 (1061 turns).

Lanoc the Digger (Demonspawn Earth Elementalist)    Turns: 1061, Time: 00:01:44

Health: -3/30      AC:  8    Str:  8    XL:     4   Next: 29%
Magic:  0/7        EV: 13    Int: 17    God:
Gold:   56         SH:  0    Dex: 14    Spells: 6/7 levels left

rFire    . . .     SeeInvis .   (no weapon)
rCold    . . .     Faith    .   (no shield)
rNeg     . . .     Spirit   .   c - +0 robe
rPois    .         Reflect  .   (no helmet)
rElec    .         Harm     .   (no cloak)
rCorr    .                      (no gloves)
MR       .....                  (no boots)
Stlth    ++........             (no amulet)
HPRegen  0.10/turn              (no ring)
MPRegen  0.10/turn              (no ring)

@: sanguine armour
A: demonic guardian 1, powered by pain 1, sanguine armour 1
a: no special abilities


You were on level 2 of the Dungeon.
You visited 1 branch of the dungeon, and saw 2 of its levels.

You collected 56 gold pieces.

Inventory:

Missiles
 b - 78 stones (quivered)
Armour
 c - a +0 robe (worn)
Jewellery
 h - an uncursed amulet of faith {unknown}
Scrolls
 e - 2 scrolls of identify {unknown}
 f - a scroll of remove curse {unknown}
 g - 2 scrolls of noise {unknown}
Potions
 a - a potion of heal wounds
 d - 2 potions of curing {unknown}


   Skills:
 + Level 2.7 Dodging
 - Level 1.7 Stealth
 - Level 2.0 Spellcasting
   Level 0.8 Transmutations
 * Level 4.1 Earth Magic


You had 6 spell levels left.
You knew the following spells:

 Your Spells              Type           Power        Failure   Level
a - Sandblast             Erth           ###...       3%          1

Your spell library contained the following spells:

 Spells                   Type           Power        Failure   Level
 Passwall                 Tmut/Erth      ##......     11%         2
 Stone Arrow              Conj/Erth      #.....       24%         3
 Petrify                  Tmut/Erth      ##......     56%         4
 Lee's Rapid Deconstruct  Erth           ###.......   67%         5


Dungeon Overview and Level Annotations

Branches:
Dungeon (2/15)

Altars:


Innate Abilities, Weirdness & Mutations

A weak demonic guardian rushes to your aid.
You sometimes gain a little power by taking damage.
When seriously injured, your bleeding wounds create armour. (AC +6)


Message History

Confirm with . or Enter, or press ? or * to list all spells.
Aiming: Sandblast (safe; 3% risk of failure)
Press: ? - help, Shift-Dir - straight line, f/p - worm
Aim: a worm (severely wounded)
The blast of sand hits the worm.
The worm is almost dead.
b - 78 stones The hobgoblin closely misses you.
The worm bites you.
You hit the worm but do no damage.
The worm is severely wounded.
The hobgoblin hits you with a +0 club.
* * * LOW HITPOINT WARNING * * *
You start putting on your amulet.
You continue putting on your triangular ruby amulet.
The worm misses you.
The hobgoblin hits you but does no damage.
Keep equipping yourself?
You continue putting on your triangular ruby amulet.
The hobgoblin barely misses you. The worm bites you!
You die...

. ... .........S.###
#.###.#####.......†g5...
.........#.......loo...
#..#........#####.###
#.......w.#.# #5# #
##.#.#.....(# #.# # #
#.####.#.# #.# # #w#
#.#.#####.# # #@#
#.#...5...# #g#
..####..### #.# ### #..#
#.# #..# #.. #..# #.#
#..##### .## #..#.... .
......## #### #


You could see a worm and a hobgoblin.

Vanquished Creatures
  An orc priest (D:2)
  3 adders (D:2)
  A dart slug (D:1)
  A leopard gecko (D:2)
  3 bats (D:1)
  A giant cockroach (D:2)
  2 goblins (D:2)
  4 hobgoblins
  2 jackals (D:2)
  A kobold (D:1)
  A frilled lizard (D:2)
  3 rats
23 creatures vanquished.

Vanquished Creatures (collateral kills)
  An adder (D:2)
  A frilled lizard (D:2)
2 creatures vanquished.

Grand Total: 25 creatures vanquished

Notes
Turn   | Place    | Note
-------+----------+-------------------------------------------
     0 | D:1      | Lanoc the Demonspawn Earth Elementalist began the quest for
                  | the Orb.
     0 | D:1      | Reached XP level 1. HP: 13/13 MP: 3/3
   156 | D:1      | Reached skill level 3 in Earth Magic
   247 | D:1      | Gained mutation: A weak demonic guardian rushes to your
                  | aid. [demonic ancestry]
   247 | D:1      | Reached XP level 2. HP: 19/19 MP: 3/5
   777 | D:2      | Gained mutation: You sometimes gain a little power by
                  | taking damage. [demonic ancestry]
   777 | D:2      | Reached XP level 3. HP: 24/24 MP: 2/6
  1019 | D:2      | Reached skill level 4 in Earth Magic
  1019 | D:2      | Gained mutation: When seriously injured, your bleeding
                  | wounds create armour. (AC +6) [demonic ancestry]
  1019 | D:2      | Reached XP level 4. HP: 22/30 MP: 3/7
  1061 | D:2      | Slain by a worm

Illustrated notes

Levels and vault maps discovered:
D:1:      dpeg_arrival_prison, layout_loops_corners
D:2:      layout_loops_ring, kennysheep_boxes

Skill      XL: |  1  2  3 |
---------------+----------+-----
Dodging        | 2 |  2.7
Earth Magic    | 3 4 |  4.1
Stealth        | |  1.7
Spellcasting   | |  2.0
Transmutations | |  0.8

Action                   |  1- 3 |  4- 6 || total
-------------------------+-------+-------++-------
Melee: Unarmed           |    14 |     6 ||    20
 Cast: Sandblast         |    33 |     8 ||    41
Armor: Robe              |     7 |     3 ||    10
Dodge: Dodged            |    19 |     7 ||    26

Table legend: (Time is in decaauts)
 A = Elapsed time spent in this place.
 B = Non-inter-level travel time spent in this place.
 C = Inter-level travel time spent in this place.
 D = Time resting spent in this place.
 E = Time spent auto-exploring this place.
 F = Levels seen in this place.
 G = Mean time per level.
                   A        B        C        D        E       F      G
               +--------+--------+--------+--------+--------+-----+--------+
         Total |   1068 |   1068 |      0 |      0 |    900 |   2 |  534.0 |
       Dungeon |   1068 |   1068 |      0 |      0 |    900 |   2 |  534.0 |
               +--------+--------+--------+--------+--------+-----+--------+

Top non-repeatable levels by time:
     D:2: 688 daAuts
     D:1: 380 daAuts
